 Dungeon Crawl Stone Soup version 0.30-a0-2-gf48d83f5e2 (webtiles) character file.

Game seed: 15465755352002341983

217 ytrimaz the Insei (level 5, 0/49 HPs)
             Began as an Octopode Transmuter on Aug 20, 2022.
             Slain by Grinder (2 damage)
             ... on level 3 of the Dungeon.
             The game lasted 00:06:25 (3252 turns).

ytrimaz the Insei (Octopode Transmuter)             Turns: 3252, Time: 00:06:26

Health: 0/49       AC: 22    Str:  9    XL:     5   Next: 94%
Magic:  2/8        EV:  2    Int: 17    God:
Gold:   153        SH:  0    Dex: 13    Spells: 3/8 levels left

rFire   . . .      SeeInvis .      - Unarmed
rCold   . . .      Faith    .    (no shield)
rNeg    . . .      Spirit   .    (helmet currently unavailable)
rPois   +          Reflect  .    (no amulet)
rElec   .          Harm     .    e - ring of flight
rCorr   .          Rampage  .    (no ring)
Will    .....      NoTele   +    (no ring)
Stlth   +.........               (no ring)
HPRegen 0.16/turn                (no ring)
MPRegen 0.11/turn                (no ring)
                                 (no ring)
                                 (no ring)

@: tree-form
A: stationary, stasis, torment immunity, boosted hp, almost no armour,
(amphibious), 8 rings, (camouflage 1), (gelatinous body 1), (nimble swimmer 1),
(tentacles)
a: no special abilities


You were on level 3 of the Dungeon.
You were a tree.
You visited 1 branch of the dungeon, and saw 3 of its levels.

You collected 153 gold pieces.

Inventory:

Jewellery
 e - a ring of flight (left branch)
 i - a ring of fire
Scrolls
 h - 3 scrolls of butterflies
Potions
 a - a potion of lignification
 b - 2 potions of flight
 d - a potion of curing
 f - a potion of haste {unknown}


   Skills:
 - Level 1.0 Fighting
 - Level 2.2 Dodging
 - Level 4.7 Unarmed Combat
 - Level 2.1 Spellcasting
 + Level 4.0 Transmutations
 * Level 1.9 Poison Magic


You had 3 spell levels left.
You knew the following spells:

 Your Spells              Type           Power      Damage    Failure   Level
b - Wereblood             Tmut           15%        N/A       5%          2
c - Spider Form           Tmut/Pois      11%        N/A       17%         3

Your spell library contained the following spells:

 Spells                   Type           Power      Damage    Failure   Level
 Beastly Appendage        Tmut           30%        N/A       3%          1
 Ice Form                 Ice/Tmut       8%         N/A       63%         4
 Animate Dead             Necr           1%         N/A       88%         4
 Borgnjor's Vile Clutch   Necr/Erth      0%         N/A       99%         5
 Death Channel            Necr           0%         N/A       100%        6


Dungeon Overview and Level Annotations

Branches:
Dungeon (3/15)

Altars:
Wu Jian

Annotations:
D:3 Grinder


Innate Abilities, Weirdness & Mutations

You are a tree.
Your roots penetrate the ground, keeping you stationary.
You cannot be teleported.
You are immune to unholy pain and torment.
Your maximum health is greatly increased.
You cannot wear most types of armour.
((You are amphibious.))
You can wear up to eight rings at the same time.
((Your skin changes colour to match your surroundings (Stealth+).))
((Your rubbery body absorbs attacks. (AC +1, EV +1)))
((You are camouflaged when in or above water. (Stealth+)))
((You have tentacles for arms and can constrict up to eight enemies at once.))


Message History

Grinder says, "My boss said I was rubbish.
His entrails said otherwise."
Grinder hits you!
You writhe in agony.
You closely miss Grinder.
Grinder is heavily wounded.
Grinder drinks a potion.
Grinder is healed!
Your magical contamination has completely faded away.
You barely miss Grinder.
Grinder is moderately wounded.
Grinder says, "There's only one good use for a tongue: cutting it out."
Grinder barely misses you.
You hit Grinder.
Grinder is poisoned.
Grinder is heavily wounded.
Grinder gestures at you. Pain shoots through your body!
You barely miss Grinder.
Grinder is heavily wounded.
Unknown command.
Really quaff the potion of lignification?
Your transformation has ended.
You turn into a tree.
Your roots penetrate the ground.
Grinder gestures at you.
You suddenly lose the ability to move!
Grinder hits you!
* * * LOW HITPOINT WARNING * * *
You writhe in agony.
* * * LOW HITPOINT WARNING * * *
You can move again.
You smack Grinder!
Grinder is almost dead.
Grinder hits you but does no damage.
You hit Grinder but do no damage.
Grinder is almost dead.
Grinder barely misses you.
Unknown command.
You hit Grinder but do no damage.
Grinder is almost dead.
Grinder hits you.
* * * LOW HITPOINT WARNING * * *
You writhe in agony.
You die...

###########
##...#.....#
##........?.#
#...........#### ####
#...............
......
#...........#### #. #
##......?...# #.####
#.....♣5....# ##.#...
#...........# #......
#........##.# #......
##.......##.# #......
##...#..##.# ##.#...
#.####..#.######.#.##
#. ##......#.......
.. ...##...#.....>...
.........^.........


You could see Grinder (poisoned).

Vanquished Creatures
  An orc priest (D:3)
  2 orc wizards (D:3)
  6 adders
  2 worms (D:2)
  5 dart slugs
  4 orcs (D:3)
  4 ball pythons
  8 bats
  4 endoplasms (D:1)
  3 giant cockroaches
  6 goblins
  4 hobgoblins
  3 jackals (D:1)
  5 frilled lizards
  10 kobolds
  8 rats
75 creatures vanquished.

Notes
Turn   | Place    | Note
-------+----------+-------------------------------------------
     0 | D:1      | ytrimaz the Octopode Transmuter began the quest for the
                  | Orb.
     0 | D:1      | Reached XP level 1. HP: 13/13 MP: 3/3
    66 | D:1      | Reached XP level 2. HP: 14/18 MP: 5/5
   189 | D:1      | Learned a level 2 spell: Wereblood
   637 | D:1      | Reached XP level 3. HP: 22/23 MP: 4/6
  1407 | D:2      | Reached XP level 4. HP: 5/28 MP: 7/7
  1933 | D:2      | Found an ornate altar of the Wu Jian Council.
  2027 | D:2      | Learned a level 3 spell: Spider Form
  2528 | D:2      | Reached XP level 5. HP: 30/33 MP: 8/8
  2793 | D:3      | Reached skill level 1 in Poison Magic
  3220 | D:3      | Noticed Grinder
  3248 | D:3      | Paralysed by Grinder for 2 turns
  3252 | D:3      | HP: 2/49 [Grinder (3)]
  3252 | D:3      | Slain by Grinder

Illustrated notes

Levels and vault maps discovered:
D:1:      spicycebolla_arrival_ecumenical, layout_basic
D:2:      layout_rooms, basic_altar
D:3:      layout_rooms, minmay_box_of_dots, uniq_grinder

Skill      XL: |  1  2  3  4  5 |
---------------+----------------+-----
Unarmed Combat | 4 |  4.7
Transmutations | 3 4 |  4.0
Poison Magic   | 1 |  1.9
Fighting       | |  1.0
Dodging        | |  2.2
Spellcasting   | |  2.1

Action                   |  1- 3 |  4- 6 || total
-------------------------+-------+-------++-------
Melee: Unarmed           |    80 |   116 ||   196
       Constrict         |    26 |    18 ||    44
       Kick              |    18 |     9 ||    27
       Tentacles         |    10 |    10 ||    20
       Punch             |     2 |     5 ||     7
 Cast: Beastly Appendage |    21 |    11 ||    32
       Spider Form       |       |     7 ||     7
       Wereblood         |       |     1 ||     1
  Use: Scroll            |     3 |     5 ||     8
       Potion            |     1 |     5 ||     6
 Stab: Sleeping          |     5 |     1 ||     6
Armor: Skin              |     9 |    17 ||    26
Dodge: Dodged            |    48 |    83 ||   131

Table legend: (Time is in decaauts)
 A = Elapsed time spent in this place.
 B = Non-inter-level travel time spent in this place.
 C = Inter-level travel time spent in this place.
 D = Time resting spent in this place.
 E = Time spent auto-exploring this place.
 F = Levels seen in this place.
 G = Mean time per level.
                   A        B        C        D        E       F      G
               +--------+--------+--------+--------+--------+-----+--------+
         Total |   3236 |   3187 |     49 |    220 |   2338 |   3 | 1078.7 |
       Dungeon |   3236 |   3187 |     49 |    220 |   2338 |   3 | 1078.7 |
               +--------+--------+--------+--------+--------+-----+--------+

Top non-repeatable levels by time:
     D:1: 1499 daAuts
     D:2: 1100 daAuts
     D:3: 637 daAuts
